 Dungeon Crawl Stone Soup version 0.30-a0-540-g0af01429fa (webtiles) character file.

Game seed: 2009934190448977234

6939 avis the Skirmisher (level 10, 0/78 HPs)
             Began as a Demigod Hunter on Dec 26, 2022.
             Slain by a death yak (25 damage)
             ... on level 8 of the Dungeon.
             The game lasted 00:51:08 (8282 turns).

avis the Skirmisher (Demigod Hunter)                Turns: 8282, Time: 00:51:09

Health: 0/78       AC:  7    Str: 16    XL:     10   Next: 51%
Magic:  22/22      EV: 22    Int: 11    God:
Gold:   602        SH:  9    Dex: 31    Spells: 9/9 levels left

rFire   . . .      SeeInvis .    a - +9 sling of the Ass {vorpal, rC++ Will- Str+4}
rCold   + + .      Faith    .    h - +2 buckler
rNeg    . . .      Spirit   .    c - +0 leather armour
rPois   .          Reflect  .    t - +2 helmet of Zuepim {Dex+2}
rElec   .          Harm     +    J - scarf {harm}
rCorr   .          Rampage  .    (no gloves)
Will    .....                    n - +0 pair of boots
Stlth   +++                      B - amulet of the acrobat
HPRegen 0.33/turn                i - ring of magical power
MPRegen 0.18/turn                (no ring)

@: hasted, very quick
A: high MP 1, forlorn, divine attributes
a: no special abilities


You were on level 8 of the Dungeon.
You visited 2 branches of the dungeon, and saw 10 of its levels.
You also visited: Sewer and Ossuary.

You collected 602 gold pieces.

Inventory:

Hand Weapons
 a - the +9 sling of the Ass (weapon) {vorpal, rC++ Will- Str+4}
   (You found it on level 3 of the Dungeon)

   Any ammunition fired from it inflicts extra damage upon your enemies.
   Str:       It affects your strength (+4).
   rC:        It greatly protects you from cold.
   Will:      It decreases your willpower.
 b - a +0 short sword of venom
 k - a +4 falchion of freezing
 w - a +0 triple sword
 x - a +2 dagger of venom
 y - a +2 vorpal scimitar
 O - a +0 dagger of speed
Missiles
 o - 5 curare-tipped darts
 r - 27 poisoned darts
Armour
 c - a +0 leather armour (worn)
 h - a +2 buckler (worn)
 n - a +0 pair of boots (worn)
 q - a +1 cloak
 t - the +2 helmet of Zuepim (worn) {Dex+2}
   (You found it on level 3 of the Dungeon)

   Dex:       It affects your dexterity (+2).
 J - a scarf of harm (worn)
Jewellery
 g - a ring of willpower
 i - a ring of magical power (left hand)
 B - an amulet of the acrobat (around neck)
Wands
 z - a wand of charming (7)
 H - a wand of flame (23)
Scrolls
 d - 3 scrolls of blinking {unknown}
 f - 10 scrolls of teleportation
 l - 2 scrolls of fog
 p - a scroll of amnesia {unknown}
 D - a scroll of fear {unknown}
 E - a scroll of identify
 F - a scroll of brand weapon {unknown}
 K - a scroll of magic mapping {unknown}
 L - 2 scrolls of enchant armour {unknown}
 M - a scroll of vulnerability {unknown}
 N - a scroll of acquirement {unknown}
Potions
 e - a potion of brilliance
 j - 5 potions of curing
 m - 5 potions of heal wounds
 s - 8 potions of flight
 u - 2 potions of magic
 v - a potion of haste
 A - a potion of might
 C - a potion of berserk rage
 G - a potion of invisibility
 I - a potion of lignification {unknown}


   Skills:
 - Level 4.0 Fighting
 * Level 10.9 Ranged Weapons
 - Level 10.0 Dodging
 - Level 2.0 Stealth
 - Level 4.0 Shields


You had 9 spell levels left.
You didn't know any spells.
Your spell library contained the following spells:

 Spells                   Type           Power      Damage    Failure   Level
 Kiss of Death            Conj/Necr      0%         2d5       50%         1
 Sublimation of Blood     Necr           0%         N/A       65%         2
 Wereblood                Tmut           0%         N/A       65%         2
 Confusing Touch          Hex            0%         N/A       86%         3
 Ignite Poison            Fire/Tmut/Pois 0%         N/A       86%         3
 Dispel Undead            Necr           0%         3d6       99%         4
 Sticky Flame             Conj/Fire      0%         2d3       99%         4
 Summon Hydra             Summ           0%         N/A       100%        7
 Ignition                 Fire           0%         3d3       100%        8


Dungeon Overview and Level Annotations

Branches:
Dungeon (9/15)             Temple (1/1) D:7            Lair (0/5) D:9
  Sewer (visited)         Ossuary (visited)
    Orc: D:9-12

Shops:
D:1 [   D:8 !


Innate Abilities, Weirdness & Mutations

You have an increased reservoir of magic. (+10% MP)
You shall have no god before yourself.
Your divine heritage dramatically boosts your attributes as you level up.


Message History

You shoot a sling bullet. The sling bullet hits the death yak.
The death yak is lightly wounded.
The death yak completely misses you.
Fire: a) +9 sling of the Ass {vorpal, rC++ Will- Str+4}
Press: ? - help, Q - select action, (/) - cycle Shift-Dir - straight line, f/p - death yak
Aim: a death yak (lightly wounded, 87% to hit)
You shoot a sling bullet.
The sling bullet hits the death yak but does no damage.
The death yak is lightly wounded.
Fire: a) +9 sling of the Ass {vorpal, rC++ Will- Str+4}
Press: ? - help, Q - select action, (/) - cycle Shift-Dir - straight line, f/p - death yak
Aim: a death yak (lightly wounded, 87% to hit)
You shoot a sling bullet. The sling bullet hits the death yak.
The death yak is lightly wounded.
The death yak gores you!!
Fire: a) +9 sling of the Ass {vorpal, rC++ Will- Str+4}
Press: ? - help, Q - select action, (/) - cycle Shift-Dir - straight line, f/p - death yak
Aim: a death yak (lightly wounded, 87% to hit)
You shoot a sling bullet. The sling bullet hits the death yak!
The death yak is moderately wounded.
Fire: a) +9 sling of the Ass {vorpal, rC++ Will- Str+4}
Press: ? - help, Q - select action, (/) - cycle Shift-Dir - straight line, f/p - death yak
Aim: a death yak (moderately wounded, 87% to hit)
You shoot a sling bullet. The sling bullet hits the death yak!
The death yak is heavily wounded.
The death yak completely misses you.
Fire: a) +9 sling of the Ass {vorpal, rC++ Will- Str+4}
Press: ? - help, Q - select action, (/) - cycle Shift-Dir - straight line, f/p - death yak
Aim: a death yak (heavily wounded, 87% to hit)
You shoot a sling bullet.
The sling bullet hits the death yak but does no damage.
The death yak is heavily wounded.
You block the death yak's attack.
Fire: a) +9 sling of the Ass {vorpal, rC++ Will- Str+4}
Press: ? - help, Q - select action, (/) - cycle Shift-Dir - straight line, f/p - death yak
Aim: a death yak (heavily wounded, 87% to hit)
You shoot a sling bullet. The sling bullet hits the death yak.
The death yak is heavily wounded.
The death yak gores you!!
You die...

### ####.# ##.##.### #..##...#
##..##.###### ###.....[.....#
#........########
################.#.............#
...............Y@...[[..######.#
#########...####.#.#.####### #.#
########........#.#.#.....# #.#
#...#...###.##..###.......###.#
##...#.#.###.##..##..........#.#
#.............)..###.#..#..#.#.##
#......#.............#...........
#......#....###..#...)........#.#
######.#....###...####).........#


You could see a death yak.

Vanquished Creatures
  3 death yaks
  An ugly thing (D:9)
  A gargoyle (D:7)
  Maggie (D:8)
  A kobold demonologist (D:9)
  A wraith (Ossuary)
  7 yaks
  A wyvern (D:9)
  A basilisk (D:6)
  A steam dragon (D:9)
  An orc warrior (D:8)
  A black bear (D:4)
  An ogre (D:5)
  3 centaurs (D:8)
  A phantom (D:5)
  A bullfrog (D:6)
  5 kobold brigands
  A gnoll sergeant (D:7)
  A water moccasin zombie (Ossuary)
  2 scorpions (D:5)
  A necrophage (D:5)
  3 wights (D:8)
  3 killer bees (D:5)
  2 bullfrog zombies (Ossuary)
  2 hounds
  2 centaur zombies (Ossuary)
  2 iguanas
  9 orc wizards
  A scorpion zombie (Ossuary)
  A merfolk siren (Sewer)
  A merfolk avatar (Sewer)
  An ogre zombie (Ossuary)
  5 gnolls (D:7)
  8 adders
  A river rat (Sewer)
  A shadow imp (D:7)
  2 white imps (D:7)
  5 adder zombies (Ossuary)
  2 worms
  2 dart slugs (D:3)
  20 orcs
  5 bats
  7 endoplasms
  7 giant cockroaches
  3 gnoll zombies (Ossuary)
  8 goblins
  7 hobgoblins
  2 jackals (D:1)
  5 quokkas
  11 ball pythons
  2 frilled lizards (Sewer)
  3 goblin zombies (Ossuary)
  3 hobgoblin zombies (Ossuary)
  23 kobolds
  An orc zombie (Ossuary)
  23 rats
219 creatures vanquished.

Notes
Turn   | Place    | Note
-------+----------+-------------------------------------------
     0 | D:1      | avis the Demigod Hunter began the quest for the Orb.
     0 | D:1      | Reached XP level 1. HP: 17/17 MP: 3/3
   207 | D:1      | Reached XP level 2. HP: 24/24 MP: 4/4
   474 | D:1      | Found Uhix's Antique Armour Emporium.
   485 | D:1      | Reached skill level 1 in Stealth
   926 | D:2      | Reached XP level 3. HP: 14/30 MP: 5/5
  1821 | D:3      | Found a glowing drain.
  1830 | D:3      | Reached XP level 4. HP: 38/38 MP: 6/6
  1837 | Sewer    | Entered a sewer
  1959 | Sewer    | Reached skill level 5 in Ranged Weapons
  2160 | Sewer    | Noticed a malarious merfolk avatar
  2184 | Sewer    | Killed a malarious merfolk avatar
  2185 | Sewer    | Reached XP level 5. HP: 45/45 MP: 7/7
  2575 | D:3      | Identified the +9 sling of the Ass {vorpal, rC++ Will-
                  | Str+4}
  2618 | D:3      | Identified the +2 helmet of Zuepim {Dex+2}
  3068 | D:4      | Noticed a black bear
  3071 | D:4      | Killed a black bear
  3179 | D:4      | Reached XP level 6. HP: 51/51 MP: 8/8
  3454 | D:5      | Entered Level 5 of the Dungeon
  3575 | D:5      | Found a sand-covered staircase.
  3581 | Ossuary  | Entered an ossuary
  3636 | Ossuary  | Reached skill level 5 in Dodging
  3636 | Ossuary  | Reached XP level 7. HP: 50/57 MP: 9/9
  3681 | Ossuary  | Noticed a wraith
  3690 | Ossuary  | Killed a wraith
  3692 | Ossuary  | Noticed a silent spectre
  3867 | D:5      | Noticed a troll
  3868 | D:5      | Noticed a shadow
  4009 | D:5      | Reached XP level 8. HP: 63/63 MP: 10/10
  5358 | D:7      | Noticed a gargoyle
  5363 | D:7      | Killed a gargoyle
  5364 | D:7      | Reached XP level 9. HP: 71/71 MP: 11/11
  5505 | D:7      | Found a staircase to the Ecumenical Temple.
  6183 | Temple   | Entered the Ecumenical Temple
  6564 | D:8      | Noticed Maggie
  6575 | D:8      | Killed Maggie
  6585 | D:8      | Found Lyuhof's Distillery.
  7010 | D:9      | Reached skill level 10 in Ranged Weapons
  7254 | D:9      | Noticed a death yak
  7257 | D:9      | Noticed a kobold demonologist
  7258 | D:9      | Noticed a death yak
  7283 | D:8      | Killed a death yak
  7284 | D:8      | Reached XP level 10. HP: 23/78 MP: 13/13
  7926 | D:9      | Noticed a death yak
  7926 | D:9      | Noticed a death yak
  7946 | D:8      | Killed a death yak
  7947 | D:8      | Reached skill level 10 in Dodging
  8116 | D:9      | Found a staircase to the Lair.
  8117 | D:9      | Noticed a red ugly thing
  8126 | D:9      | Killed a red ugly thing
  8271 | D:9      | Killed a death yak
  8282 | D:8      | Slain by a death yak

Illustrated notes

Levels and vault maps discovered:
D:1:      giann_horns, layout_basic, serial_shops, shop, minmay_parallelograms
D:2:      layout_rooms, chequers_serial_rivers_micro_b, serial_bayou_pond_b
D:3:      layout_basic, portal_sewer_entry_f, nicolae_figureground_sparkle
D:4:      layout_cave_pools
D:5:      layout_basic, enter_ossuary_2, lightli_corner_chamber
D:6:      layout_basic
D:7:      layout_cave_pods, minmay_temple_entry_mist
D:8:      layout_basic, serial_shops, nicolae_diamond_shop,
          chequers_serial_rivers_micro_b, uniq_maggie
D:9:      layout_basic, dpeg_lair_monsters,
          nicolae_concentric_dashed_squares_mild
Temple:   mainiacjoe_temple_hex_bubbles

Skill      XL: |  1  2  3  4  5  6  7  8  9 10 |
---------------+-------------------------------+-----
Fighting       | 2 3 4 |  4.0
Ranged Weapons | 4 5 6 8 10 | 10.9
Dodging        | 2 5 6 7 8 10 | 10.0
Stealth        | 1 2 |  2.0
Shields        | 4 |  4.0

Action                   |  1- 3 |  4- 6 |  7- 9 | 10-12 || total
-------------------------+-------+-------+-------+-------++-------
 Fire: Shortbow          |   126 |   105 |       |       ||   231
       Sling             |       |    56 |   246 |    72 ||   374
Throw: Dart              |       |     4 |       |       ||     4
  Use: Scroll            |       |     6 |     5 |       ||    11
       Potion            |       |       |     3 |     2 ||     5
Armor: Leather armour    |    12 |    12 |    14 |       ||    38
Dodge: Dodged            |    35 |    22 |    57 |     6 ||   120
Block: Buckler           |       |     1 |    40 |     3 ||    44

Table legend: (Time is in decaauts)
 A = Elapsed time spent in this place.
 B = Non-inter-level travel time spent in this place.
 C = Inter-level travel time spent in this place.
 D = Time resting spent in this place.
 E = Time spent auto-exploring this place.
 F = Levels seen in this place.
 G = Mean time per level.
                   A        B        C        D        E       F      G
               +--------+--------+--------+--------+--------+-----+--------+
         Total |   8427 |   7520 |    907 |   1103 |   4241 |  12 |  702.2 |
       Dungeon |   7616 |   6710 |    906 |    937 |   4184 |   9 |  846.2 |
        Temple |     19 |     19 |      0 |      0 |      0 |   1 |   19.0 |
         Sewer |    629 |    629 |      0 |    166 |     56 |   1 |  629.0 |
       Ossuary |    161 |    161 |      0 |      0 |      0 |   1 |  161.0 |
               +--------+--------+--------+--------+--------+-----+--------+

Top non-repeatable levels by time:
     D:8: 1197 daAuts
     D:5: 972 daAuts
     D:7: 897 daAuts
     D:3: 862 daAuts
     D:1: 837 daAuts
     D:9: 833 daAuts
     D:2: 823 daAuts
     D:6: 698 daAuts
   Sewer: 629 daAuts
     D:4: 492 daAuts
 Ossuary: 161 daAuts
  Temple: 19 daAuts
